 Dungeon Crawl Stone Soup version 0.30-a0-1124-g6e8f0f562f (webtiles) character file.

Game seed: 5019682349353704680

2843 kae the Jinx (level 9, -3/39 HPs)
             Began as a Spriggan Enchanter on Apr 23, 2023.
             Was an Initiate of Dithmenos.
             Slain by a two-headed ogre
             ... wielding a +0 giant spiked club
              (21 damage)
             ... on level 6 of the Dungeon.
             The game lasted 00:08:45 (8568 turns).

kae the Jinx (Spriggan Enchanter)                   Turns: 8568, Time: 00:08:46

Health: -3/39      AC:  3    Str: 12    XL:     9   Next: 46%
Magic:  0/19       EV: 20    Int: 19    God:    Dithmenos [......]
Gold:   442        SH:  0    Dex: 15    Spells: 9/20 levels left

rFire   . . .        e - +3 short sword (flame)
rCold   . . .        (no shield)
rNeg    . . .        b - +0 robe
rPois   +            (helmet restricted)
rElec   .            J - +0 cloak
rCorr   .            (gloves unavailable)
SInv    +            (boots unavailable)
Will    +....        G - amulet of guardian spirit
Stlth   ++++         S - +6 ring of strength
HPRegen 0.26/turn    P - ring of poison resistance
MPRegen 0.16/turn

%: guardian spirit
@: very quick
A: very small, no large weapons, unfitting armour, see invisible, speed 3
a: Renounce Religion


You were on level 6 of the Dungeon.
You worshipped Dithmenos.
Dithmenos was noncommittal.
You visited 2 branches of the dungeon, and saw 9 of its levels.

You collected 494 gold pieces.
You spent 52 gold pieces at shops.


Innate Abilities, Weirdness & Mutations

You are very small and have problems with some larger weapons.
You are too small for most types of armour.
You have supernaturally acute eyesight. (SInv)
You cover ground extremely quickly. (Speed+++)


   Skills:
 * Level 7.4 Short Blades
 + Level 6.4 Dodging
 + Level 8.3 Stealth
 + Level 6.0 Spellcasting
 * Level 8.9 Hexes
 + Level 3.4 Ice Magic


You had 9 spell levels left.
You knew the following spells:

 Your Spells              Type           Power      Damage    Failure   Level
a - Ensorcelled Hibernat  Hex/Ice        58%        N/A       1%          2
b - Confusing Touch       Hex            39%        N/A       1%          3
c - Tukima's Dance        Hex            39%        N/A       1%          3
d - Dazzling Flash        Conj/Hex       44%        N/A       5%          3

Your spell library contained the following spells:

 Spells                   Type           Power      Damage    Failure   Level
 Portal Projectile        Hex/Tloc       44%        N/A       5%          3
 Apportation              Tloc           10%        N/A       11%         1
 Necrotise                Necr           20%        1d5       11%         1
 Summon Small Mammal      Summ           20%        N/A       11%         1
 Blink                    Tloc           10%        N/A       17%         2
 Cigotuvi's Dreadful Rot  Necr/Pois/Air  10%        N/A       17%         2
 Lesser Beckoning         Tloc           10%        N/A       17%         2
 Momentum Strike          Conj/Tloc      10%        3d8       17%         2
 Vhi's Electric Charge    Tloc/Air       10%        N/A       32%         3
 Silence                  Hex/Air        11%        N/A       45%         5
 Dispel Undead            Necr           5%         3d7       73%         4
 Agony                    Necr           5%         N/A       97%         5
 Arcjolt                  Conj/Air       2%         1d12      97%         5
 Blade Hands              Tmut           2%         N/A       97%         5
 Death Channel            Necr           2%         N/A       100%        6
 Maxwell's Capacitive Co  Air            2%         ∞         100%        8

Inventory:

Hand Weapons
 a - a +1 dagger
 e - a +3 short sword of flaming (weapon)
   (You took it off a kobold on level 1 of the Dungeon)
 w - a +1 short sword of venom
   (You took it off an orc on level 4 of the Dungeon)
Missiles
 d - 11 poisoned darts (quivered)
 f - 94 stones
 v - 6 boomerangs
Armour
 b - a +0 robe (worn)
 J - a +0 cloak (worn)
   (You took it off Crazy Yiuf on level 7 of the Dungeon)
Magical Staves
 g - a staff of conjuration {!a}
   (You found it on level 6 of the Dungeon)
 k - a staff of air {!a}
   (You found it on level 1 of the Dungeon)
 y - a staff of fire {!a}
   (You found it on level 6 of the Dungeon)
 A - a staff of air {!a}
   (You found it on level 6 of the Dungeon)
Jewellery
 C - a ring of protection from cold
   (You found it on level 5 of the Dungeon)
 G - an amulet of guardian spirit (around neck)
   (You found it on level 5 of the Dungeon)
 P - a ring of poison resistance (right hand)
   (You found it on level 4 of the Dungeon)
 R - a ring of resist corrosion
   (You found it on level 1 of the Dungeon)
 S - a +6 ring of strength (left hand)
   (You found it on level 5 of the Dungeon)
 W - a ring of magical power
   (You found it on level 7 of the Dungeon)
 Z - a ring of wizardry
   (You found it on level 7 of the Dungeon)
Wands
 m - a wand of polymorph (4)
   (You found it on level 3 of the Dungeon)
 E - a wand of roots (8)
   (You found it on level 7 of the Dungeon)
Scrolls
 j - 3 scrolls of poison {!r}
 o - a scroll of teleportation {@r4}
 q - 2 scrolls of blinking {!r}
 x - 3 scrolls of identify {@r1}
 z - a scroll of fog
 B - a scroll of immolation {unknown}
 I - a scroll of brand weapon {unknown}
Potions
 c - a potion of invisibility
 h - 2 potions of mutation {unknown}
 i - 3 potions of brilliance
 l - a potion of might
 n - 3 potions of curing {unknown}
 p - 3 potions of heal wounds {@q2}
 r - a potion of degeneration {!q}
 s - 2 potions of flight
 t - 3 potions of ambrosia
 u - a potion of resistance {unknown}
 F - 2 potions of haste {unknown}
Miscellaneous
 D - a piece from Xom's chessboard (15/15)
   (You found it on level 6 of the Dungeon)

Dungeon Overview and Level Annotations

Branches:
Dungeon (8/15) Zot: 26286  Temple (1/1) D:4 Zot: 5865
   Lair: D:8-11

Altars:
Ashenzari
Cheibriados
Dithmenos
Elyvilon
Fedhas
Gozag
Hepliaklqana
Kikubaaqudgha
Makhleb
Nemelex Xobeh
Okawaru
Qazlal
Ru
Sif Muna
Trog
Uskayaw
Vehumet
Wu Jian
Xom
Yredelemnul
Zin
The Shining One

Shops:
D:2 [   D:3 [   D:4 **

Annotations:
D:3 1 runed translucent door, windycow's ghost, amateur DrTm

###.....#....##..#########
.<..).###................#
....### #................#
##..## ##...............#
###..## #........>......#
......## #...............#
#####..# #.....<.........#
# ##.# ######.O........#
#### #.# #.@...###### ...#
#.## #......## )..# #..#
#.#.>...# )..# ##.#
###.##....# ...# #.#
##...##.#..### ...# #.#
#..####.##...##### ...#
### ##.## #.#........#
####
######..#####.#........#
.#
#A#.8#....##..#........#


You could see a two-headed ogre.


Message History

😮 HP[+1] MP[-1]
You lost 1 mp, and now have 6/19 mp.
You see here a +0 robe.
There is a stone staircase leading up here.
Casting: Ensorcelled Hibernation (safe; 1% risk of failure)
Confirm with . or Enter, or press ? or * to list all spells.
Aiming: Ensorcelled Hibernation (safe; 1% risk of failure)
Press: ? - help, Shift-Dir - straight line, f/p - two-headed ogre
Aim: a two-headed ogre, wielding a +0 giant spiked club and a +0 giant club (chance to affect: 41%)
The two-headed ogre resists with some effort. 😮 MP[-2]
You lost 2 mp, and now have 4/19 mp.
The two-headed ogre misses you.
The two-headed ogre hits you with a +0 giant club!
* * * LOW HITPOINT WARNING * * *
You climb upwards.
There is a stone staircase leading down here. 😨 HP[-13] MP[-2]
You take 13 damage, and now have 12/39 hp.
MASSIVE DAMAGE!! (PAUSE)
You lost 2 mp, and now have 2/19 mp. 😨 MP[+1] 😨 HP[+1]
There is a stone staircase leading down here. 😨 HP[+1] 😨 MP[+1] 😨 HP[+1]
There is a stone staircase leading up here.
You climb upwards.
There is a stone staircase leading down here. 😨 MP[+1]
You start resting. 😕 HP[+18] MP[+10]
You regained 18 hp, and now have 33/39 hp.
You regained 10 mp, and now have 15/19 mp.
You start resting. 😕 MP[+1]
You start resting. 😕 HP[+5] MP[+3]
You regained 5 hp, and now have 38/39 hp.
Your mp is fully restored (19).
You start resting. 😎 HP[+1]
Your hp is fully restored (39).
You climb downwards.
The two-headed ogre misses you.
The two-headed ogre hits you with a +0 giant club!!
There is a stone staircase leading up, spattered with blood here. 😮 HP[-13] MP[-6]
You take 13 damage, and now have 26/39 hp.
MASSIVE DAMAGE!! (PAUSE)
You lost 6 mp, and now have 13/19 mp.
Casting: Ensorcelled Hibernation (safe; 1% risk of failure)
Confirm with . or Enter, or press ? or * to list all spells.
Aiming: Ensorcelled Hibernation (safe; 1% risk of failure)
Press: ? - help, Shift-Dir - straight line, f - two-headed ogre
Aim: a two-headed ogre, wielding a +0 giant spiked club and a +0 giant club (chance to affect: 41%)
The two-headed ogre resists with some effort. 😮 HP[+1] MP[-2]
You lost 2 mp, and now have 11/19 mp.
Casting: Ensorcelled Hibernation (safe; 1% risk of failure)
Confirm with . or Enter, or press ? or * to list all spells.
Aiming: Ensorcelled Hibernation (safe; 1% risk of failure)
Press: ? - help, Shift-Dir - straight line, f/p - two-headed ogre
Aim: a two-headed ogre, wielding a +0 giant spiked club and a +0 giant club (chance to affect: 41%)
The two-headed ogre resists with some effort.
The two-headed ogre closely misses you. x2 😮 MP[-2]
You lost 2 mp, and now have 9/19 mp.
Casting: Ensorcelled Hibernation (safe; 1% risk of failure)
Confirm with . or Enter, or press ? or * to list all spells.
Aiming: Ensorcelled Hibernation (safe; 1% risk of failure)
Press: ? - help, Shift-Dir - straight line, f/p - two-headed ogre
Aim: a two-headed ogre, wielding a +0 giant spiked club and a +0 giant club (chance to affect: 41%)
The two-headed ogre resists with some effort.
The two-headed ogre completely misses you.
The two-headed ogre hits you with a +0 giant club!
* * * LOW HITPOINT WARNING * * *
😨 HP[-10] MP[-5]
You take 10 damage, and now have 17/39 hp.
MASSIVE DAMAGE!! (PAUSE)
You lost 5 mp, and now have 4/19 mp.
Casting: Ensorcelled Hibernation (safe; 1% risk of failure)
Confirm with . or Enter, or press ? or * to list all spells.
Aiming: Ensorcelled Hibernation (safe; 1% risk of failure)
Press: ? - help, Shift-Dir - straight line, f/p - two-headed ogre
Aim: a two-headed ogre, wielding a +0 giant spiked club and a +0 giant club (chance to affect: 41%)
The two-headed ogre resists with some effort. 😨 HP[+1] MP[-2]
You lost 2 mp, and now have 2/19 mp.
Unknown command.
Casting: Ensorcelled Hibernation (safe; 1% risk of failure)
Confirm with . or Enter, or press ? or * to list all spells.
Aiming: Ensorcelled Hibernation (safe; 1% risk of failure)
Press: ? - help, Shift-Dir - straight line, f/p - two-headed ogre
Aim: a two-headed ogre, wielding a +0 giant spiked club and a +0 giant club (chance to affect: 41%)
The two-headed ogre resists with some effort.
The two-headed ogre closely misses you.
The two-headed ogre hits you with a +0 giant club!!
Ouch! That really hurt!
You die...

Skill      XL: |  1  2  3  4  5  6  7  8  9 |
---------------+----------------------------+-----
Hexes          | 4 5 6 8 |  8.9
Short Blades   | 2 3 4 5 6 7 |  7.4
Dodging        | 3 4 5 6 |  6.4
Spellcasting   | 3 4 5 6 |  6.0
Stealth        | 5 6 7 8 |  8.3
Ice Magic      | 1 2 3 |  3.4

Action                     |  1- 3 |  4- 6 |  7- 9 || total
---------------------------+-------+-------+-------++-------
  Melee: Dagger            |    14 |       |       ||    14
         Short sword       |    95 |    64 |   150 ||   309
         Punch             |       |     1 |     2 ||     3
   Cast: Ensorcelled Hiber |     6 |    26 |    86 ||   118
         Confusing Touch   |       |     1 |     3 ||     4
    Use: Scroll            |     9 |     4 |     2 ||    15
         Potion            |       |     1 |       ||     1
   Stab: Sleeping          |    11 |    23 |    44 ||    78
         Invisible         |       |     3 |       ||     3
         Confused          |       |     1 |     1 ||     2
 Armour: Robe              |     6 |     1 |    15 ||    22
  Dodge: Dodged            |    65 |    32 |   201 ||   298

Levels and vault maps discovered:
D:1:      amcnicky_arrival_wind_blow, layout_rooms, serial_co_window_serial,
          co_window_paths_b, co_window_corner_a, co_window_corner_a,
          co_window_corner_a, co_window_of_opportunity_a,
          co_window_unsneaky_path_c, co_window_of_opportunity_c,
          co_window_of_opportunity_b, co_window_corner_b, co_window_broadway_b,
          co_window_corner_b, co_window_4corner_a, co_window_paths_d,
          glass_columns_a, glass_columns_b, minmay_pentomino_s4
D:2:      layout_basic, serial_shops, shop
D:3:      layout_basic, nicolae_overflow_crystal_walls, serial_shops,
          nicolae_shop_waterfront, ebering_ghost_reflecting_pool, uniq_jessica
D:4:      layout_gridville, minmay_temple_entry_waves, nicolae_specific_store
D:5:      layout_loops_ring, minmay_fire_ice_demons
D:6:      layout_rooms, zin_angel, hellmonk_bongcloud_opening
D:7:      layout_basic, st_stairs_4, uniq_crazy_yiuf_cottage
D:8:      layout_loops_ring, due_lair_maze_entry_diamond,
          kennysheep_generic_room_7
Temple:   nicolae_temple_bog_church

Notes
Turn   | Place    | Note
-------+----------+-------------------------------------------
     0 | D:1      | kae the Spriggan Enchanter began the quest for the Orb.
     0 | D:1      | Reached XP level 1. HP: 9/9 MP: 5/5
     0 | D:1      | magus.rc [v1.11.3]
   122 | D:1      | Reached XP level 2. HP: 8/13 MP: 6/6
   287 | D:1      | Reached skill level 4 in Hexes
   293 | D:1      | Reached skill level 2 in Short Blades
   512 | D:1      | Learned a level 2 spell: Ensorcelled Hibernation
   794 | D:1      | Reached skill level 3 in Dodging
  1137 | D:2      | Reached XP level 3. HP: 16/16 MP: 8/8
  1154 | D:2      | Reached skill level 3 in Spellcasting
  1202 | D:2      | Found Bokhacw's Armour Emporium.
  1389 | D:2      | You pick up a book of Weapons and begin reading...
  1389 | D:2      | You add the spells Portal Projectile and Blade Hands to
                  | your library.
  1611 | D:2      | You pick up a book of Cantrips and begin reading...
  1611 | D:2      | You add the spells Necrotise, Summon Small Mammal and
                  | Apportation to your library.
  1938 | D:2      | You pick up a book of the Senses and begin reading...
  1938 | D:2      | You add the spells Agony and Silence to your library.
  2006 | D:3      | Reached XP level 4. HP: 21/21 MP: 9/9
  2150 | D:3      | Found a burning altar of Makhleb.
  2245 | D:3      | Found Fafizxetz's Armour Emporium.
  2486 | D:3      | Found a runed translucent door.
  2491 | D:3      | Noticed windycow's ghost (amateur DrTm)
  2712 | D:3      | Reached skill level 5 in Stealth
  2884 | D:3      | Noticed Jessica
  2891 | D:3      | Killed Jessica
  2892 | D:3      | Reached skill level 3 in Short Blades
  2892 | D:3      | Reached XP level 5. HP: 24/24 MP: 6/11
  2966 | D:3      | Learned a level 3 spell: Confusing Touch
  2970 | D:3      | Learned a level 3 spell: Tukima's Dance
  3043 | D:4      | Found Eptuykuf's General Store.
  3045 | D:4      | Found Toawuese's Specific Store.
  3053 | D:4      | Bought a scroll of fear for 52 gold pieces
  3091 | D:4      | Reached skill level 5 in Hexes
  3091 | D:4      | Reached skill level 1 in Ice Magic
  3114 | D:4      | HP: 3/24 [orc wizard/magic dart (6)]
  3305 | D:4      | Found a staircase to the Ecumenical Temple.
  3919 | D:5      | Entered Level 5 of the Dungeon
  3922 | D:5      | Reached XP level 6. HP: 28/28 MP: 12/12
  4027 | D:5      | HP: 2/28 [ogre/+0 giant club (26)]
  4147 | D:5      | Reached skill level 4 in Spellcasting
  4294 | D:5      | Reached skill level 4 in Short Blades
  4294 | D:5      | Reached skill level 4 in Dodging
  4432 | D:5      | Reached skill level 6 in Stealth
  4432 | D:5      | Reached XP level 7. HP: 32/32 MP: 7/14
  4513 | D:5      | Reached skill level 6 in Hexes
  4814 | D:5      | You pick up a book of Spatial Translocations and begin
                  | reading...
  4814 | D:5      | You add the spells Blink, Momentum Strike and Lesser
                  | Beckoning to your library.
  4820 | D:5      | You pick up a book of Decay and begin reading...
  4820 | D:5      | You add the spells Cigotuvi's Dreadful Rot, Dispel Undead
                  | and Death Channel to your library.
  5200 | D:6      | Reached skill level 2 in Ice Magic
  5263 | D:6      | Found a glowing silver altar of Zin.
  5263 | D:6      | Noticed an angel
  5282 | D:6      | Learned a level 3 spell: Dazzling Flash
  5439 | D:6      | Reached skill level 5 in Short Blades
  5734 | D:6      | Reached XP level 8. HP: 30/36 MP: 11/16
  6093 | D:7      | Reached skill level 7 in Hexes
  6124 | D:7      | You add the spells Vhi's Electric Charge, Arcjolt and
                  | Maxwell's Capacitive Coupling to your library.
  6397 | D:7      | Reached skill level 5 in Dodging
  6558 | D:7      | Reached skill level 7 in Stealth
  6558 | D:7      | Reached skill level 5 in Spellcasting
  6765 | D:7      | Reached skill level 6 in Short Blades
  7165 | D:7      | Reached skill level 8 in Hexes
  7270 | D:7      | Found a runed translucent door.
  7271 | D:7      | Noticed Crazy Yiuf
  7481 | D:7      | Killed Crazy Yiuf
  7580 | D:8      | Reached skill level 3 in Ice Magic
  7588 | D:7      | Reached XP level 9. HP: 37/39 MP: 11/18
  7714 | Temple   | Entered the Ecumenical Temple
  7908 | Temple   | Became a worshipper of Dithmenos the Shadowed
  7992 | D:7      | Reached skill level 6 in Dodging
  8078 | D:7      | HP: 7/39 [water moccasin (5)]
  8079 | D:7      | Reached skill level 7 in Short Blades
  8079 | D:7      | Reached skill level 8 in Stealth
  8305 | D:8      | Noticed a two-headed ogre
  8306 | D:8      | HP: 8/39 [acid dragon/splash of acid (20)]
  8312 | D:7      | Reached skill level 6 in Spellcasting
  8568 | D:6      | Slain by a two-headed ogre

Vanquished Creatures
  2 acid dragons (D:7)
  5 water moccasins
  2 sky beasts (D:7)
  An ice beast (D:7)
  2 black bears (D:7)
  3 ogres (D:5)
  3 centaurs
  A kobold brigand (D:6)
  2 bullfrogs
  3 scorpions (D:7)
  A crimson imp (D:5)
  A jelly (D:7)
  3 hounds
  2 gnoll boudas
  An orc priest (D:7)
  Crazy Yiuf (D:7)
  A sleepcap (D:7)
  Jessica (D:3)
  5 iguanas
  3 orc wizards
  5 gnolls
  9 adders
  A shadow imp (D:5)
  4 white imps
  An ufetubus (D:6)
  A worm (D:3)
  2 dart slugs
  20 orcs
  9 endoplasms
  3 giant cockroaches
  10 goblins
  8 hobgoblins
  2 quokkas (D:1)
  3 ball pythons (D:3)
  4 bats
  3 frilled lizards
  12 kobolds
  8 rats
148 creatures vanquished.

Vanquished Creatures (others)
  An orc priest (D:4)
  An orc (D:8)
  9 fungi (D:8)
  4 plants (D:8)
15 creatures vanquished.

Grand Total: 163 creatures vanquished

Table legend:
 A = Non-vault XP
 B = Vault XP
 C = Vault XP percentage of total XP
 D = Non-vault monster count
 E = Vault monster count
 F = Vault count percentage of total count
                 A         B        C        D         E       F
            +---------+---------+-------+---------+---------+-------
      Total |    2633 |    1429 |  35.2 |     131 |      18 |  12.1
            +---------+---------+-------+---------+---------+-------
        D:1 |      36 |       4 |  10.0 |      23 |       3 |  11.5
        D:2 |      56 |       0 |   0.0 |      20 |       0 |   0.0
        D:3 |      81 |      37 |  31.4 |      15 |       1 |   6.2
        D:4 |     143 |       0 |   0.0 |      16 |       0 |   0.0
        D:5 |     549 |      57 |   9.4 |      15 |       2 |  11.8
        D:6 |     533 |       0 |   0.0 |      16 |       0 |   0.0
        D:7 |    1235 |    1180 |  48.9 |      26 |      11 |  29.7
        D:8 |       0 |     151 | 100.0 |       0 |       1 | 100.0
            +---------+---------+-------+---------+---------+-------

Illustrated notes

Table legend:
 A = Kills in this place as a percentage of kills in the entire game.
 B = Kills by you in this place as a percentage of kills by you in the entire game.
 C = Kills by friends in this place as a percentage of kills by friends in the entire game.
 D = Other kills in this place as a percentage of other kills in the entire game.
 E = Experience gained in this place as a percentage of experience gained in the entire game.
 F = Experience gained in this place divided by the number of levels of this place that you have seen.
                   A       B       C       D       E      F
               +-------+-------+-------+-------+-------+----------------------
         Total | 100.0 | 100.0 |   N/A | 100.0 | 100.0 | 451.3
       Dungeon | 100.0 | 100.0 |   N/A | 100.0 | 100.0 | 507.8
               +-------+-------+-------+-------+-------+----------------------

Table legend: (Time is in decaauts)
 A = Elapsed time spent in this place.
 B = Non-inter-level travel time spent in this place.
 C = Inter-level travel time spent in this place.
 D = Time resting spent in this place.
 E = Time spent auto-exploring this place.
 F = Levels seen in this place.
 G = Mean time per level.
                   A        B        C        D        E       F      G
               +--------+--------+--------+--------+--------+-----+--------+
         Total |   6253 |   6028 |    225 |   1038 |   3931 |   9 |  694.8 |
       Dungeon |   6118 |   5920 |    198 |   1038 |   3832 |   8 |  764.8 |
        Temple |    134 |    108 |     26 |      0 |     99 |   1 |  134.0 |
               +--------+--------+--------+--------+--------+-----+--------+

Top non-repeatable levels by time:
     D:7: 1592 daAuts
     D:5: 928 daAuts
     D:6: 826 daAuts
     D:4: 776 daAuts
     D:1: 725 daAuts
     D:3: 665 daAuts
     D:2: 584 daAuts
  Temple: 134 daAuts
     D:8: 19 daAuts
